 Dungeon Crawl Stone Soup version 0.27-a0-29-g2d0a2396b0 (webtiles) character file.

Game seed: 16114730558379287597

27398 sanka the Spry (level 13, -9/72 HPs)
             Began as a Spriggan Berserker on Jan 3, 2021.
             Was a High Priest of Trog.
             Splashed by an oklob plant's acid (10 damage)
             ... on level 3 of the Lair of Beasts.
             The game lasted 00:33:20 (20720 turns).

sanka the Spry (Spriggan Berserker)                Turns: 20720, Time: 00:33:20

Health: -9/72      AC: -4    Str: 12    XL:     13   Next: 4%
Magic:  14/14      EV: 33    Int:  8    God:    Trog [*****.]
Gold:   611        SH:  9    Dex: 21    Spells: 12/12 levels left

rFire    . . .     SeeInvis +   a - +9 rapier (vorpal)
rCold    . . .     Faith    .   h - +0 buckler
rNeg     + . .     Spirit   .   F - +0 steam dragon scales
rPois    +         Reflect  .   (helmet restricted)
rElec    .         Harm     .   A - +2 ratskin cloak {*Rats rPois rN+ Str-1 Int-1 Dex+1}
rCorr    .         Rampage  .   (gloves unavailable)
Will     ++...                  (boots unavailable)
Stlth    ++........             c - amulet of magic regeneration
HPRegen  0.22/turn              (no ring)
MPRegen  0.39/turn              v - ring of flight

@: corroded, very quick
A: very small, unfitting armour, see invisible, speed 3
a: Renounce Religion, Evoke Flight, Berserk, Trog's Hand, Brothers in Arms


You were on level 3 of the Lair of Beasts.
You worshipped Trog.
Trog was extremely pleased with you.
You visited 3 branches of the dungeon, and saw 15 of its levels.
You also visited: Sewer.

You collected 1481 gold pieces.
You spent 870 gold pieces at shops.


Innate Abilities, Weirdness & Mutations

You are very small and have problems with some larger weapons.
You are too small for most types of armour.
You have supernaturally acute eyesight. (SInv)
You cover ground extremely quickly.


   Skills:
 - Level 10.0 Fighting
 - Level 14.0 Short Blades
 + Level 15.1 Dodging
 - Level 7.2 Shields


You had 12 spell levels left.
You didn't know any spells.
Your spell library was empty.

Inventory:

Hand Weapons
 a - a +9 vorpal rapier (weapon)
 b - a +1 dagger of venom
 l - a +2 quick blade of flaming
Missiles
 q - 2 throwing nets {=f}
Armour
 h - a +0 buckler (worn)
 A - the +2 ratskin cloak (worn) {*Rats rPois rN+ Str-1 Int-1 Dex+1}

   It affects your strength (-1).
   It affects your intelligence (-1).
   It affects your dexterity (+1).
   It protects you from poison.
   It protects you from negative energy.
 F - +0 steam dragon scales (worn)
 N - a +2 robe of cold resistance
Jewellery
 c - an amulet of magic regeneration (around neck)
 v - a ring of flight (right hand)
 K - the ring of the Solstice {rF- rN+++ MP+9 Str-4 SInv}

   [ring of magical power]

   It affects your strength (-4).
   It makes you vulnerable to fire.
   It renders you almost immune to negative energy.
   It affects your magic capacity (+9).
   It lets you see invisible.
Wands
 s - a wand of acid (9)
 y - a wand of polymorph (3)
 D - a wand of iceblast (4)
 G - a wand of disintegration (13)
 H - a wand of paralysis (12)
 I - a wand of digging (7)
 J - a wand of flame (13)
Scrolls
 i - 14 scrolls of teleportation {@r4}
 j - 3 scrolls of magic mapping
 k - a scroll of enchant armour {unknown}
 n - 3 scrolls of blinking
 o - a scroll of fog
 r - 8 scrolls of remove curse
 t - 6 scrolls of fear
 u - 2 scrolls of vulnerability {!r}
 B - a scroll of immolation {!r}
Potions
 d - 10 potions of heal wounds {@q2}
 e - 7 potions of lignification {!q}
 f - 11 potions of curing {unknown}
 g - a potion of berserk rage {unknown}
 m - 2 potions of resistance
 p - a potion of degeneration {unknown}
 w - 3 potions of haste {unknown}
 x - a potion of might {unknown}
 z - 2 potions of brilliance {unknown}
 C - a potion of attraction {unknown}
 E - 2 potions of mutation {unknown}
 M - a potion of flight {unknown}
Miscellaneous
 L - a condenser vane

Dungeon Overview and Level Annotations

Branches:
Dungeon (11/15)            Temple (1/1) D:4            Lair (3/6) D:9
 Spider (0/4) Lair:2          Orc (0/2) D:11          Sewer (visited)
  Swamp: Lair:2-4    Shoals: Lair:2-4

Altars:
Cheibriados
Elyvilon
Gozag
Hepliaklqana
Makhleb
Nemelex Xobeh
Okawaru
Ru
Sif Muna
Trog
Vehumet
Xom
Yredelemnul
Zin

Shops:
D:5 ([([   D:10 *

Annotations:
Lair:3 exclusion: 4 oklob plants

..▒▒▒▒▒................▒
..▒P▒▒........}.......▒.▒
......▒▒▒...........▒.▒▒▒
.....▒▒ ▒............▒▒
......▒ ▒▒▒........>▒▒
.......▒ ▒.▒.........▒
......▒..▒.....r.▒▒..▒
............▒f.r▒.▒▒▒.▒
.........▒▒▒▒▒▒▒i▒▒▒▒▒▒▒
.........▒ ▒...[.|[.▒
......... ▒.....£.P▒
.......rP£.?▒
.......P).)P.▒
.......PP.£?)▒
.....▒.▒▒▒▒▒▒▒ ......▒▒
.....▒


You could see 4 oklob plants and 3 friendly river rats.


Message History

The iceblast engulfs the oklob plant!!
The oklob plant is heavily damaged.
Unknown command.
Evoke which item? (* to show all) (? for menu, Esc to quit)
Aiming: Iceblast The mass of ice explodes!
The iceblast engulfs the oklob plant.
The oklob plant is severely damaged.
The iceblast engulfs the oklob plant.
The oklob plant is heavily damaged.
Unknown command.
Evoke which item? (* to show all) (? for menu, Esc to quit)
Aiming: Iceblast The mass of ice explodes!
The iceblast engulfs the oklob plant.
The oklob plant is severely damaged.
The iceblast engulfs the oklob plant.
The oklob plant is heavily damaged.
The oklob plant spits acid at you. The splash of acid hits you!
* * * LOW HITPOINT WARNING * * *
You are splashed with acid.
* * * LOW HITPOINT WARNING * * *
The oklob plant spits acid at you. The splash of acid hits you!
* * * LOW HITPOINT WARNING * * *
A river rat scurries out from under your cloak.
The acid corrodes you!
You are splashed with acid!
You die...

Action                   |  1- 3 |  4- 6 |  7- 9 | 10-12 | 13-15 || total
-------------------------+-------+-------+-------+-------+-------++-------
Melee: Short sword       |   114 |   352 |   721 |   226 |       ||  1413
       Dagger            |       |       |   293 |   291 |       ||   584
       Rapier            |       |       |       |   793 |    31 ||   824
       Quick blade       |       |       |       |    27 |       ||    27
Invok: Berserk           |     1 |     5 |    11 |    13 |       ||    30
       Trog's Hand       |       |       |     1 |       |       ||     1
Evoke: Wand              |       |       |       |     3 |     6 ||     9
  Use: Scroll            |       |       |       |    11 |       ||    11
 Stab: Distracted        |     1 |     2 |     1 |     3 |       ||     7
       Sleeping          |       |     3 |     5 |     4 |       ||    12
Armor: Animal skin       |     8 |    18 |    45 |    11 |       ||    82
       Robe              |       |       |       |    25 |       ||    25
       Steam dragon scal |       |       |       |     3 |       ||     3
Dodge: Dodged            |    89 |   211 |   601 |   708 |     9 ||  1618
Block: Buckler           |     6 |    72 |   209 |   309 |     6 ||   602

Levels and vault maps discovered:
D:1:      wander_arrival_peaceful_grave, layout_basic,
          chequers_serial_rivers_micro_d, palyth_stone_intersect
D:2:      cheibrodos_old_hovel, layout_loops_ring, kennysheep_generic_room_10
D:3:      layout_basic, kennysheep_slug_shrine, okawaru_ov_weapons_minmay
D:4:      layout_rooms, lightli_temple_of_fire, temple_pool_b,
          mrwooster_statue_mirror, minmay_splitting_lines, goddamned_bats,
          uniq_robin, uniq_ijyb, uniq_blork_the_orc
D:5:      layout_gridville, nzn_hepliaklqana_mist_gate, portal_sewer_entry_f,
          serial_shops, nicolae_shop_stone, nicolae_shop_trees, shop,
          kennysheep_little_box, uniq_grinder, uniq_prince_ribbit1
D:6:      corexii_shantytown, layout_basic, basic_altar, sword_in_stone
D:7:      wander_river, layout_basic, hellmonk_ghost_happy_afterlife,
          serial_bayou_ford_a
D:8:      layout_basic, grunt_temple_overflow_champion_of_chaos,
          nicolae_ru_awakened_eye, nicolae_overflow_hidden_temple
D:9:      layout_small_grid, lemuel_crystal_altar,
          gammafunk_temple_overflow_claw, lair_entry_dummy, serial_undead,
          serial_undead_b, serial_undead_d, serial_undead_a, serial_undead_c,
          serial_undead_b, serial_undead_c, minmay_nine_imps
D:10:     layout_cave_pools, serial_shops, shop_coins
D:11:     layout_long_grid, zombieorc2_lemuel
Temple:   chequers_temple_sunken
Lair:1:   layout_regular_city, ebering_ghost_funeral_grove, uniq_fannar
Lair:2:   layout_cave_pods, spider_nest_entry_webs, grunt_megastairs_4
Lair:3:   layout_cave_pods, minmay_swamp_entry_wisps, minmay_lair_oklob_chamber,
          lemuel_fruit_fields, serial_bayou_shore_b

Notes
Turn   | Place    | Note
-------+----------+-------------------------------------------
     0 | D:1      | sanka the Spriggan Berserker began the quest for the Orb.
     0 | D:1      | Reached XP level 1. HP: 11/11 MP: 2/2
   306 | D:1      | Reached XP level 2. HP: 16/16 MP: 3/3
   347 | D:1      | Reached skill level 4 in Short Blades
   681 | D:1      | Reached XP level 3. HP: 9/19 MP: 4/4
   892 | D:1      | Reached ** piety under Trog
  1291 | D:2      | Reached skill level 5 in Short Blades
  1430 | D:4      | Noticed an ogre
  1438 | D:4      | Killed an ogre
  1439 | D:4      | Reached skill level 6 in Short Blades
  1439 | D:4      | Reached XP level 4. HP: 23/23 MP: 5/5
  1479 | D:4      | Found a bloodstained altar of Trog.
  1539 | D:4      | Noticed an ogre
  1550 | D:4      | Killed an ogre
  1551 | D:4      | Reached skill level 7 in Short Blades
  1551 | D:4      | Reached XP level 5. HP: 27/27 MP: 6/6
  1847 | D:3      | Reached XP level 6. HP: 28/32 MP: 7/7
  1904 | D:3      | Found a snail-covered altar of Cheibriados.
  1946 | D:3      | Found an iron altar of Okawaru.
  2316 | D:2      | Reached *** piety under Trog
  3318 | D:3      | Reached skill level 8 in Short Blades
  3797 | D:4      | Noticed Blork the orc
  3836 | D:4      | Killed Blork the orc
  3837 | D:4      | Reached skill level 5 in Dodging
  3970 | D:4      | Reached skill level 3 in Fighting
  4179 | D:4      | Found a staircase to the Ecumenical Temple.
  4189 | D:4      | Reached XP level 7. HP: 36/36 MP: 8/8
  4194 | D:4      | Reached skill level 6 in Dodging
  4236 | D:4      | Reached **** piety under Trog
  4267 | D:4      | Noticed Robin
  4307 | D:4      | Killed Robin
  4350 | Temple   | Entered the Ecumenical Temple
  4530 | D:4      | Noticed Ijyb
  4575 | D:4      | Killed Ijyb
  4576 | D:4      | Reached skill level 7 in Dodging
  4945 | D:4      | Reached skill level 8 in Dodging
  5172 | D:5      | Entered Level 5 of the Dungeon
  5301 | D:5      | Noticed Grinder
  5317 | D:5      | Killed Grinder
  5318 | D:5      | Reached skill level 9 in Dodging
  5318 | D:5      | Reached XP level 8. HP: 40/40 MP: 9/9
  5321 | D:5      | Found Kelideh's Weapon Shoppe.
  5356 | D:5      | Reached skill level 10 in Dodging
  5389 | D:5      | Found Ajunogru's Antique Armour Emporium.
  5708 | D:5      | Found a glowing drain.
  5743 | Sewer    | Entered a sewer
  6151 | Sewer    | Reached skill level 11 in Dodging
  6781 | D:5      | Found a hazy altar of Hepliaklqana.
  6846 | D:5      | Found Risoveh's Weapon Shoppe.
  6869 | D:5      | Found Aweg's Armour Shop.
  6923 | D:5      | Reached ***** piety under Trog
  6948 | D:5      | Reached skill level 12 in Dodging
  7095 | D:5      | Noticed Prince Ribbit
  7116 | D:5      | Killed Prince Ribbit
  7491 | D:5      | Reached skill level 13 in Dodging
  7831 | D:5      | Bought the +2 ratskin cloak {*Rats rPois rN+ Str-1 Int-1
                  | Dex+1} for 333 gold pieces
  7831 | D:5      | Found the +2 ratskin cloak {*Rats rPois rN+ Str-1 Int-1
                  | Dex+1}
  7917 | D:6      | Reached XP level 9. HP: 34/44 MP: 10/10
  7946 | D:6      | Reached skill level 14 in Dodging
  8797 | D:6      | Received a gift from Trog
  8995 | D:6      | Reached skill level 15 in Dodging
  9034 | D:6      | Reached skill level 1 in Shields
  9372 | D:6      | Found a shimmering altar of Xom.
  9719 | D:7      | Noticed a two-headed ogre
  9734 | D:7      | Killed a two-headed ogre
  9735 | D:7      | Reached skill level 4 in Fighting
  9735 | D:7      | Reached skill level 2 in Shields
  9736 | D:7      | Reached skill level 3 in Shields
 10289 | D:7      | Reached XP level 10. HP: 51/51 MP: 11/11
 10339 | D:7      | Reached skill level 5 in Fighting
 10734 | D:7      | Found a runed translucent door.
 10735 | D:7      | Noticed totalnoob's ghost (novice GrFi)
 10796 | D:7      | Killed totalnoob's ghost
 11136 | D:7      | Reached skill level 4 in Shields
 11766 | D:8      | Found a sacrificial altar of Ru.
 11847 | D:8      | Found a burning altar of Makhleb.
 11848 | D:8      | Found a shimmering altar of Xom.
 11913 | D:8      | Reached skill level 6 in Fighting
 12755 | D:8      | Found a basalt altar of Yredelemnul.
 12855 | D:8      | Reached skill level 5 in Shields
 13506 | D:8      | Found a sacrificial altar of Ru.
 13652 | D:8      | Received a gift from Trog
 13914 | D:9      | Reached skill level 7 in Fighting
 14005 | D:5      | Bought a +2 robe of willpower for 212 gold pieces
 14275 | D:9      | Found a staircase to the Lair.
 14396 | D:9      | Found an opulent altar of Gozag.
 14568 | D:9      | Reached XP level 11. HP: 58/58 MP: 12/12
 14598 | D:9      | Found a shimmering blue altar of Sif Muna.
 14598 | D:9      | Found a glowing silver altar of Zin.
 14599 | D:9      | Found a white marble altar of Elyvilon.
 14905 | D:10     | Entered Level 10 of the Dungeon
 14947 | D:10     | Noticed a two-headed ogre
 14956 | D:10     | Reached skill level 6 in Shields
 14964 | D:10     | Killed a two-headed ogre
 14965 | D:10     | Reached skill level 9 in Short Blades
 15106 | D:10     | Noticed a seven-headed hydra
 15117 | D:10     | Killed a seven-headed hydra
 15320 | D:10     | Reached skill level 8 in Fighting
 15478 | D:10     | Found Pyhulour's Assorted Antiques.
 15758 | D:10     | Bought an embroidered robe for 99 gold pieces
 15808 | D:10     | Bought a scroll of blinking for 202 gold pieces
 15808 | D:10     | Bought a brown potion for 24 gold pieces
 15846 | D:11     | Found a staircase to the Orcish Mines.
 15910 | D:11     | Received a gift from Trog
 16103 | D:11     | Reached ****** piety under Trog
 16303 | D:11     | Noticed a two-headed ogre
 16313 | D:11     | Killed a two-headed ogre
 16314 | D:11     | Reached skill level 10 in Short Blades
 16380 | D:11     | Reached skill level 7 in Shields
 16634 | D:11     | Got a vibrating pewter ring
 16635 | D:11     | Identified the ring of the Solstice {rF- rN+++ MP+9 Str-4
                  | SInv} (You found it on level 11 of the Dungeon)
 17120 | Lair:1   | Entered Level 1 of the Lair of Beasts
 17301 | Lair:1   | Reached XP level 12. HP: 60/65 MP: 13/13
 17364 | Lair:1   | Received a gift from Trog
 17548 | Lair:1   | Reached skill level 9 in Fighting
 17587 | Lair:1   | Noticed a six-headed hydra
 17589 | Lair:1   | Noticed Fannar
 17609 | Lair:1   | Killed a six-headed hydra
 17610 | Lair:1   | Reached skill level 11 in Short Blades
 17625 | Lair:1   | Killed Fannar
 17938 | Lair:1   | Found a runed translucent door.
 17938 | Lair:1   | Noticed skk's ghost (journeyman TeGl)
 17943 | Lair:1   | Identified the +1 trident of the Ring {vorpal, rPois Str+2
                  | Dex+4}
 17969 | Lair:1   | Killed skk's ghost
 18445 | Lair:1   | Identified +0 steam dragon scales
 18564 | Lair:2   | Noticed a five-headed hydra
 18572 | Lair:2   | Killed a five-headed hydra
 18573 | Lair:2   | Reached skill level 12 in Short Blades
 18666 | Lair:2   | Found a hole to the Spider Nest.
 18703 | Lair:2   | Reached skill level 10 in Fighting
 19586 | Lair:2   | Reached skill level 13 in Short Blades
 20095 | Lair:3   | Reached XP level 13. HP: 58/72 MP: 14/14
 20266 | Lair:3   | Found the +5 demon whip "Spellbinder" {antimagic, Will+}
 20288 | Lair:3   | Reached skill level 14 in Short Blades
 20720 | Lair:3   | HP: 1/72 [oklob plant/splash of acid (13)]
 20720 | Lair:3   | Splashed by an oklob plant's acid

Vanquished Creatures
  3 hydras
  Fannar (Lair:1)
  3 two-headed ogres
  The ghost of skk the Carver, a journeyman TeGl of Gozag (Lair:1)
  The ghost of totalnoob the Shield-Bearer, a novice GrFi of Okawaru (D:7)
  4 black mambas
  2 cane toads (Lair:3)
  A rime drake (Lair:3)
  A kobold demonologist (D:9)
  3 komodo dragons
  A troll (D:8)
  Prince Ribbit (D:5)
  2 hornets
  Grinder (D:5)
  9 blink frogs (Lair:2)
  2 redbacks (Lair:2)
  2 wyverns
  3 spriggans (Lair:1)
  A shadow (D:11)
  34 yaks
  A basilisk (Lair:2)
  A steam dragon (Lair:1)
  4 water moccasins
  An ice beast (D:5)
  6 orc warriors
  2 eyes of draining
  2 sky beasts
  4 phantoms
  3 black bears
  5 centaurs
  2 necrophages
  3 wolves (Lair:3)
  6 ogres
  5 big kobolds
  Blork the orc (D:4)
  13 bullfrogs
  2 gnoll sergeants
  3 troll zombies (D:11)
  2 scorpions
  12 killer bees (D:10)
  2 electric eels (D:7)
  16 wights
  A vampire bat (D:4)
  4 howler monkeys
  7 crimson imps
  7 hounds
  2 bullfrog skeletons
  3 centaur zombies
  7 jellies
  12 orc wizards
  3 bullfrog zombies
  5 orc priests
  A centaur skeleton (D:4)
  5 iguanas
  Ijyb (D:4)
  10 worker ants
  A killer bee zombie (D:5)
  5 ogre zombies (D:11)
  A mummy (D:9)
  Robin (D:4)
  16 gnolls
  2 river rats (Sewer)
  13 adders
  3 shadow imps (D:9)
  3 white imps
  An ufetubus (D:6)
  An ooze (Sewer)
  2 adder zombies
  An adder skeleton (D:4)
  12 worms
  2 dart slugs
  3 fire bats (D:4)
  12 leopard geckos
  50 orcs
  2 spectral bats (D:4)
  3 bat skeletons (D:4)
  A bat zombie (D:4)
  7 giant cockroaches
  21 goblins
  18 hobgoblins
  4 jackals (D:4)
  35 kobolds
  6 quokkas
  4 ball pythons
  22 bats
  A bat simulacrum (D:4)
  7 frilled lizards
  A giant cockroach zombie (D:3)
  4 goblin zombies (D:11)
  3 hobgoblin zombies (D:11)
  A jackal skeleton (D:4)
  A jackal zombie (D:8)
  4 orc skeletons (D:11)
  13 orc zombies (D:11)
  12 rats
539 creatures vanquished.

Vanquished Creatures (collateral kills)
  A cane toad (Lair:2)
  A rime drake (Lair:3)
  A centaur (D:7)
  A worker ant (D:7)
  A hound skeleton (D:6)
  An adder (D:8)
  An ufetubus (D:6)
  An orc (D:6)
  A quokka (D:6)
  A goblin zombie (D:11)
10 creatures vanquished.

Vanquished Creatures (others)
  2 fungi (Lair:1)
  22 plants
  4 withered plants (D:9)
28 creatures vanquished.

Grand Total: 577 creatures vanquished
